 Dungeon Crawl Stone Soup version 0.30-a0-728-gc68057be0a (webtiles) character file.

Game seed: 14546052657010036254

62855 kae the Earth Mage (level 15, -4/90 HPs)
             Began as a Gargoyle Earth Elementalist on Jan 30, 2023.
             Was a High Priest of Vehumet.
             Engulfed by a cloud of freezing vapour (20 damage)
             ... in an ice cave.
             The game lasted 00:25:25 (19235 turns).

kae the Earth Mage (Gargoyle Earth Elementalist)   Turns: 19235, Time: 00:25:26

Health: -4/90      AC: 15    Str: 12    XL:     15   Next: 7%
Magic:  28/28      EV: 21    Int: 23    God:    Vehumet [*****.]
Gold:   1984       SH:  0    Dex: 10    Spells: 9/33 levels left

rFire   . . .      SeeInvis .    w - staff of earth {!a}
rCold   . . .      Faith    .    (no shield)
rNeg    + . .      Spirit   .    a - +1 robe
rPois   ∞          Reflect  .    C - +0 helmet
rElec   +          Harm     .    (no cloak)
rCorr   .          Rampage  .    (no gloves)
Will    +....                    (no boots)
Stlth   ++                       G - amulet of magic regeneration
HPRegen 0.35/turn                e - +5 ring of evasion
MPRegen 0.61/turn                E - +5 ring of evasion

@: flying
A: sickness immunity, AC +11, big wings, negative energy resistance 1,
electricity resistance, torment resistance 1, petrification resistance
a: Renounce Religion


You were in an ice cave.
You worshipped Vehumet.
Vehumet was extremely pleased with you.
You visited 2 branches of the dungeon, and saw 18 of its levels.
You also visited: Sewer, Ossuary and Ice Cave.

You collected 1984 gold pieces.


Innate Abilities, Weirdness & Mutations

You are immune to sickness and miasma.
Your stone body is resilient. (AC +11)
You are immune to poison.
Your large and strong wings let you fly.
You resist negative energy. (rN+)
You are resistant to electric shocks. (rElec)
You are resistant to unholy torment.
You are immune to petrification.


   Skills:
 + Level 9.1 Fighting
 - Level 1.5 Dodging
 - Level 2.1 Stealth
 + Level 9.6 Spellcasting
 * Level 17.4 Conjurations
 - Level 0.7 Transmutations
 * Level 19.7 Earth Magic


You had 9 spell levels left.
You knew the following spells:

 Your Spells              Type           Power      Damage    Failure   Level
a - Sandblast             Erth           100%       2d20      0%          1
b - Stone Arrow           Conj/Erth      100%       3d13      0%          3
c - Iron Shot             Conj/Erth      49%        9d9       1%          6
d - Lehudib's Crystal Sp  Conj/Erth      49%        10d12     5%          8
e - Petrify               Tmut/Erth      72%        N/A       1%          4
f - Passwall              Tmut/Erth      60%        N/A       1%          2

Your spell library contained the following spells:

 Spells                   Type           Power      Damage    Failure   Level
 Iskenderun's Battlesphe  Conj           74%        2d12      1%          5
 Foxfire                  Conj/Fire      100%       2x1d9     1%          1
 Static Discharge         Conj/Air       100%       2-7/arc   1%          2
 Hailstorm                Conj/Ice       50%        3d11      1%          3
 Animate Armour           Summ/Erth      100%       N/A       1%          4
 Flame Wave               Conj/Fire      50%        2d12      1%          4
 Arcjolt                  Conj/Air       25%        1d35      1%          5
 Fireball                 Conj/Fire      25%        3d11      1%          5
 Lightning Bolt           Conj/Air       25%        1d41      1%          5
 Scorch                   Fire           22%        2d6       2%          2
 Borgnjor's Vile Clutch   Necr/Erth      35%        N/A       2%          5
 Apportation              Tloc           22%        N/A       6%          1
 Summon Small Mammal      Summ           44%        N/A       6%          1
 Wereblood                Tmut           14%        N/A       7%          2
 Starburst                Conj/Fire      25%        6d8       7%          6
 Blink                    Tloc           22%        N/A       9%          2
 Call Canine Familiar     Summ           11%        N/A       19%         3
 Ozocubu's Armour         Ice            11%        N/A       19%         3
 Summon Guardian Golem    Hex/Summ       11%        N/A       19%         3
 Vampiric Draining        Necr           11%        2d6       19%         3
 Vhi's Electric Charge    Tloc/Air       22%        N/A       19%         3
 Ice Form                 Ice/Tmut       12%        N/A       45%         4
 Anguish                  Hex/Necr       5%         N/A       52%         4
 Animate Dead             Necr           11%        N/A       52%         4
 Manifold Assault         Tloc           11%        N/A       52%         4
 Alistair's Intoxication  Tmut/Pois      8%         N/A       80%         5
 Agony                    Necr           11%        N/A       86%         5
 Death Channel            Necr           5%         N/A       100%        6
 Simulacrum               Ice/Necr       5%         N/A       100%        6
 Summon Cactus Giant      Summ           5%         N/A       100%        6
 Ozocubu's Refrigeration  Ice            5%         4d8       100%        7
 Storm Form               Tmut/Air       6%         N/A       100%        7
 Summon Hydra             Summ           5%         N/A       100%        7
 Cigotuvi's Dreadful Rot  Necr/Pois/Air  Unusable   N/A       N/A         2
 Sublimation of Blood     Necr           Unusable   N/A       N/A         2

Inventory:

Armour
 a - a +1 robe (worn)
 o - a +2 robe of cold resistance
   (You took it off a reaper in an ice cave)
 r - a scarf of shadows
   (You found it on level 2 of the Dungeon)
 C - a +0 helmet (worn)
   (You found it in an ossuary)
Magical Staves
 w - a staff of earth (weapon) {!a}
   (You found it on level 5 of the Dungeon)
 L - a staff of fire {!a}
   (You found it on level 5 of the Lair of Beasts)
 O - a staff of poison {!a}
   (You found it on level 10 of the Dungeon)
Jewellery
 c - an amulet of reflection
   (You found it on level 1 of the Dungeon)
 e - a +5 ring of evasion (left hand)
   (You found it on level 7 of the Dungeon)
 A - an amulet of the acrobat
   (You found it on level 8 of the Dungeon)
 D - a +6 ring of dexterity
   (You found it on level 9 of the Dungeon)
 E - a +5 ring of evasion (right hand)
   (You found it on level 7 of the Dungeon)
 G - an amulet of magic regeneration (around neck)
   (You found it on level 8 of the Dungeon)
 N - a ring of positive energy
   (You found it on level 4 of the Dungeon)
 Q - the ring of Ratewapn {Ice Will+}
   (You found it on level 9 of the Dungeon)

   [ring of ice]

   It enhances your ice magic.
   rF:        It makes you vulnerable to fire.
   rC:        It protects you from cold.
   Will:      It increases your willpower.
 R - a ring of resist corrosion
   (You found it on level 1 of the Lair of Beasts)
 Y - a +4 ring of slaying
   (You found it on level 5 of the Dungeon)
Wands
 i - a wand of charming (9)
   (You found it on level 8 of the Dungeon)
 m - a wand of polymorph (1)
   (You found it on level 4 of the Lair of Beasts)
 s - a wand of iceblast (16)
   (You found it in a sewer)
 v - a wand of light (9)
   (You found it on level 1 of the Lair of Beasts)
 J - a wand of digging (3)
   (You took it off Maggie on level 8 of the Dungeon)
 K - a wand of flame (33)
   (You found it on level 8 of the Dungeon)
 U - a wand of mindburst (3)
   (You found it on level 4 of the Lair of Beasts)
Scrolls
 d - 3 scrolls of enchant weapon
 k - 6 scrolls of teleportation {@r4}
 q - 3 scrolls of blinking {!r}
 t - a scroll of silence {!r}
 u - 3 scrolls of torment {!r}
 x - 2 scrolls of immolation {!r!r}
 y - 5 scrolls of poison
 B - a scroll of enchant armour
 I - a scroll of fear
 S - a scroll of summoning
 T - 2 scrolls of vulnerability {!r!r}
 X - 2 scrolls of fog
Potions
 b - 2 potions of magic
 f - a potion of haste {@q3}
 g - 8 potions of curing {@q1}
 h - 2 potions of invisibility
 j - 5 potions of lignification {!q}
 l - 5 potions of might
 n - 4 potions of heal wounds {@q2}
 p - 6 potions of mutation {!q}
 z - 5 potions of resistance
 F - 2 potions of ambrosia
 H - 4 potions of brilliance
 M - a potion of cancellation
 V - a potion of attraction {!q}
 W - a potion of berserk rage {!q}
Miscellaneous
 P - a condenser vane
   (You found it on level 9 of the Dungeon)
 Z - a box of beasts
   (You found it on level 1 of the Lair of Beasts)

Dungeon Overview and Level Annotations

Branches:
Dungeon (13/15) Zot: 26862  Temple (0/1) D:7            Lair (5/5) D:10 Zot: 22938
 Shoals (0/4) Lair:2       Spider (0/4) Lair:2        Slime (0/5) Lair:5
    Orc (0/2) D:11          Sewer (visited)         Ossuary (visited)
  IceCv (1/1) Zot: 5069
 Vaults: D:13-14

Altars:
Elyvilon
Kikubaaqudgha
Nemelex Xobeh
Qazlal
Sif Muna
Trog
Uskayaw
Vehumet
Wu Jian
Yredelemnul
Jiyva

Annotations:
D:4 1 runed translucent door, Leeroy's ghost, amateur GnWr
D:8 Erica
Lair:2 3 runed translucent doors, junb69's ghost, journeyman OpTm
Lair:4 Rupert

###.........##....###
#..##
##......####.§##.....##
##..##
##.......#°.§§§○..#....#
##..#
#.......##..§☼§§###....#
##...#
.......##☼☼..☼§##......#
##...##
#.........☼§#§§§......##
#...##
##.....###.§#.§###...##
#...##
###..#.....#§§§§#####
##...# ####.....#§§§@§.#
##...## ###○§§§§§##§##
##.....# ###§○§§.###
#...∩... ###§###
#....... ... ##..∩..#
#$}(# ##...## #####
#####


There were no monsters in sight!


Message History

Aiming: Iron Shot (mildly dangerous; 1% risk of failure)
Press: ? - help, Shift-Dir - straight line, f/p - reaper
Aim: a reaper, wielding a +1 scythe of freezing, wearing a +2 robe of cold resistance and wearing the ring of Esuilua {rF+ rC+ rCorr Str+5} (moderately wounded, 78% to hit)
You feel a surge of power!
The iron shot hits the reaper!!!
The reaper hits you from afar with a +1 scythe of freezing!!
The reaper freezes you. 😮 HP[-38] MP[-5]
You take 38 damage, and now have 52/90 hp.
MASSIVE DAMAGE!! (PAUSE)
You lost 5 mp, and now have 12/28 mp.
Casting: Iron Shot (mildly dangerous; 1% risk of failure)
Confirm with . or Enter, or press ? or * to list all spells.
Aiming: Iron Shot (mildly dangerous; 1% risk of failure)
Press: ? - help, Shift-Dir - straight line, f/p - reaper
Aim: a reaper, wielding a +1 scythe of freezing, wearing a +2 robe of cold resistance and wearing the ring of Esuilua {rF+ rC+ rCorr Str+5} (almost dead, 78% to hit)
You feel a surge of power!
The iron shot hits the reaper!!!
You kill the reaper!
Vehumet accepts your kill.
You are engulfed in freezing vapours.
* * * LOW HITPOINT WARNING * * *
😨 HP[-7] MP[-6]
You take 7 damage, and now have 45/90 hp.
You lost 6 mp, and now have 6/28 mp.
You're standing in a cloud of freezing vapour!
Unknown command. 😨 MP[+1] 😨 MP[+1] 😮 HP[+1] 😮 MP[+1]
You are engulfed in freezing vapours.
* * * LOW HITPOINT WARNING * * *
Unknown command. 😨 HP[-15] MP[+5]
You take 15 damage, and now have 31/90 hp.
You regained 5 mp, and now have 14/28 mp.
You're standing in a cloud of freezing vapour!
Unknown command.
You're standing in a cloud of freezing vapour! 😨 HP[+1] MP[+1] 😨 MP[+1] Key pressed, stopping explore.
You are engulfed in freezing vapours. 😮 HP[+34] MP[+12]
You regained 34 hp, and now have 66/90 hp.
Your mp is fully restored (28).
Unknown command.
You're standing in a cloud of freezing vapour!
Unknown command.
You're standing in a cloud of freezing vapour!
You're standing in a cloud of freezing vapour!
Unknown command. 😮 HP[+1]
You are engulfed in freezing vapours.
You're standing in a cloud of freezing vapour!
Unknown command. 😕 HP[+7]
You regained 7 hp, and now have 74/90 hp.
You're standing in a cloud of freezing vapour!
You're standing in a cloud of freezing vapour!
Unknown command.
You're standing in a cloud of freezing vapour! 😕 HP[+1]
Your pack is full.
Things that are here:
a +1 scythe of freezing; a +2 robe of cold resistance; the ring of Esuilua {rF+ rC+ rCorr Str+5} 😎 HP[+15]
Your hp is fully restored (90).
Your pack is full.
Things that are here:
a +1 scythe of freezing; a +2 robe of cold resistance; the ring of Esuilua {rF+ rC+ rCorr Str+5} Could not pick up the ring of Esuilua {rF+ rC+ rCorr Str+5} here; ([A]lways) ignore it? [Y]es, [N]o, or [A]lways only, please.
Could not pick up the ring of Esuilua {rF+ rC+ rCorr Str+5} here; ([A]lways) ignore it? [Y]es, [N]o, or [A]lways only, please.
Could not pick up the ring of Esuilua {rF+ rC+ rCorr Str+5} here; ([A]lways) ignore it?
Okay, then.
You are engulfed in freezing vapours.
Things that are here:
a +1 scythe of freezing; a +2 robe of cold resistance; the ring of Esuilua {rF+ rC+ rCorr Str+5} 😮 HP[-25]
You take 25 damage, and now have 65/90 hp.
MASSIVE DAMAGE!! (PAUSE)
Okay, then.
Unknown command.
You drop a staff of air {!a}.
You are engulfed in freezing vapours.
You stop dropping stuff. 😮 HP[-16]
You take 16 damage, and now have 49/90 hp.
o - a +2 robe of cold resistance You can't carry that many items.
You are engulfed in freezing vapours.
* * * LOW HITPOINT WARNING * * *
😨 HP[-17]
You take 17 damage, and now have 32/90 hp. 😨 HP[+1]
You are engulfed in freezing vapours.
* * * LOW HITPOINT WARNING * * *
😱 HP[-17]
You take 17 damage, and now have 16/90 hp.
You are engulfed in freezing vapours.
You die...

Skill      XL: |  1  2  3  4  5  6  7  8  9 10 11 12 13 14 15 |
---------------+----------------------------------------------+-----
Earth Magic    | 4 5 6 12 13 14 15 17 18 19 | 19.7
Spellcasting   | 3 4 5 6 7 8 9 |  9.6
Conjurations   | 1 9 10 11 12 13 14 16 17 | 17.4
Fighting       | 3 5 7 8 9 |  9.1
Dodging        | |  1.5
Stealth        | |  2.1
Transmutations | |  0.7

Action                     |  1- 3 |  4- 6 |  7- 9 | 10-12 | 13-15 || total
---------------------------+-------+-------+-------+-------+-------++-------
  Melee: Unarmed           |       |       |     2 |     1 |     1 ||     4
   Cast: Sandblast         |    47 |    61 |   141 |   204 |   139 ||   592
         Stone Arrow       |       |       |    14 |   181 |   102 ||   297
         Petrify           |       |       |       |     1 |       ||     1
         Iron Shot         |       |       |       |    10 |   175 ||   185
         Lehudib's Crystal |       |       |       |       |     3 ||     3
  Evoke: Wand              |       |       |       |     2 |     2 ||     4
    Use: Scroll            |     2 |     8 |    14 |     7 |     1 ||    32
         Potion            |       |     1 |       |       |     1 ||     2
 Armour: Robe              |     2 |    14 |    15 |    50 |   110 ||   191
  Dodge: Dodged            |     7 |    16 |    25 |   215 |   342 ||   605
  Block: Other             |       |       |    22 |    11 |       ||    33
         Reflection        |       |       |     3 |       |       ||     3

Levels and vault maps discovered:
D:1:      minmay_arrival_glassed_features, layout_loops_cross
D:2:      layout_basic, minmay_box_of_dots
D:3:      layout_rooms, mainiacjoe_overflow_concentric_impassable,
          kiku_gazebo_pond_becter, portal_sewer_entry_b, minivault_24,
          serial_bayou_pond_d
D:4:      layout_cave_pods, nicolae_vehumet_radiance, gammafunk_ghost_grave,
          uniq_robin
D:5:      layout_rooms, mainiacjoe_overflow_tiny_flanked, minmay_statues_item,
          chequers_serial_rivers_micro_c
D:6:      layout_loops_ring, grunt_temple_overflow_open, grunt_ministairs_9,
          minmay_quadrilaterals
D:7:      layout_gridville, minmay_temple_entry_stoned_glass, uniq_joseph
D:8:      layout_loops_corners, lemuel_doored_altar,
          chequers_ossuary_entry_cave, minmay_between, uniq_maggie, uniq_erica
D:9:      layout_roguey, minmay_mirror_moons_of_madness
D:10:     layout_basic, dpeg_oklobed_lair, lightli_corner_chamber
D:11:     layout_gridville, orc_0_dummy
D:12:     layout_loops_ring, st_stairs_4
D:13:     layout_loops_cross, portal_ice_cave_entry_pillars_2,
          chei_slow_surprise
Lair:1:   layout_cave_pods, grunt_megastairs_4
Lair:2:   layout_roguey, elwin_shoals_entry_stream, spider_nest_entry_web_field,
          gammafunk_ghost_ooze, serial_rivers, chequers_serial_rivers_small_b,
          chequers_serial_rivers_large_a, chequers_serial_rivers_small_b,
          chequers_serial_rivers_marsh, chequers_serial_rivers_micro_a,
          chequers_serial_rivers_micro_b, st_stairs_4
Lair:3:   layout_gridlike
Lair:4:   layout_hall_layers, infiniplex_staircase_pool_2, uniq_rupert,
          uniq_snorg
Lair:5:   grunt_lair_end_beastmaster, layout_loops_ring, slime_entry_1,
          serial_bayou_shore_b
IceCv:    ice_cave_small_demon

Notes
Turn   | Place    | Note
-------+----------+-------------------------------------------
     0 | D:1      | kae the Gargoyle Earth Elementalist began the quest for the
                  | Orb.
     0 | D:1      | Reached XP level 1. HP: 10/10 MP: 3/3
     0 | D:1      | magus.rc [v1.11.3]
    59 | D:1      | Reached skill level 4 in Earth Magic
    81 | D:1      | Reached XP level 2. HP: 15/15 MP: 3/5
   485 | D:1      | Reached XP level 3. HP: 19/19 MP: 3/6
   831 | D:2      | Identified the +1 robe of Vehumet, Stopping {Str+2 SInv}
   889 | D:2      | Reached skill level 5 in Earth Magic
   955 | D:2      | Reached XP level 4. HP: 21/24 MP: 3/8
  1272 | D:2      | You add the spells Blink, Manifold Assault and Storm Form
                  | to your library.
  1369 | D:2      | You pick up a book of Armaments and begin reading...
  1369 | D:2      | You add the spells Animate Armour and Lehudib's Crystal
                  | Spear to your library.
  1538 | D:3      | Reached skill level 3 in Spellcasting
  1557 | D:3      | Found a sparkling altar of Nemelex Xobeh.
  1783 | D:3      | Reached XP level 5. HP: 25/28 MP: 3/9
  1919 | D:3      | Found a glowing drain.
  1925 | D:3      | Reached skill level 6 in Earth Magic
  1930 | Sewer    | Entered a sewer
  1981 | Sewer    | Learned a level 2 spell: Passwall
  1985 | Sewer    | Learned a level 3 spell: Stone Arrow
  2106 | Sewer    | Noticed Pargi
  2111 | Sewer    | Killed Pargi
  2112 | Sewer    | Reached skill level 1 in Conjurations
  2112 | Sewer    | Reached XP level 6. HP: 18/32 MP: 4/11
  2210 | D:3      | Identified a potion of experience
  2246 | D:3      | Reached skill level 9 in Conjurations
  2246 | D:3      | Reached skill level 12 in Earth Magic
  2246 | D:3      | Reached XP level 7. HP: 36/36 MP: 12/12
  2298 | D:3      | Found an ancient bone altar of Kikubaaqudgha.
  2353 | D:3      | Learned a level 4 spell: Petrify
  2578 | D:4      | Reached skill level 10 in Conjurations
  2592 | D:4      | You pick up a book of Lightning and begin reading...
  2592 | D:4      | You add the spells Static Discharge, Vhi's Electric Charge,
                  | Lightning Bolt and Arcjolt to your library.
  2609 | D:4      | Found a radiant altar of Vehumet.
  2619 | D:4      | Became a worshipper of Vehumet
  2792 | D:4      | You pick up a book of Scorching and begin reading...
  2792 | D:4      | You add the spells Scorch, Flame Wave and Summon Cactus
                  | Giant to your library.
  3044 | D:4      | Noticed Robin
  3094 | D:4      | Killed Robin
  3204 | D:4      | Reached XP level 8. HP: 41/41 MP: 10/13
  3229 | D:4      | Found a runed translucent door.
  3229 | D:4      | Noticed Leeroy's ghost (amateur GnWr)
  3323 | D:4      | Reached * piety under Vehumet
  3323 | D:4      | Offered knowledge of Kiss of Death by Vehumet.
  3676 | D:5      | Entered Level 5 of the Dungeon
  3762 | D:5      | Found a stormy altar of Qazlal.
  3802 | D:5      | You pick up a book of Fire and begin reading...
  3802 | D:5      | You add the spells Foxfire, Fireball and Starburst to your
                  | library.
  3958 | D:5      | Reached skill level 4 in Spellcasting
  3958 | D:5      | Reached skill level 13 in Earth Magic
  4209 | D:5      | Identified a scroll of acquirement
  4209 | D:5      | Acquired 788 gold pieces
  4246 | D:6      | Reached XP level 9. HP: 45/45 MP: 15/15
  4290 | D:6      | Found a shimmering blue altar of Sif Muna.
  4290 | D:6      | Found a white marble altar of Elyvilon.
  4292 | D:6      | Found a hide-covered altar of Uskayaw.
  4292 | D:6      | Found a basalt altar of Yredelemnul.
  4293 | D:6      | Found an ornate altar of the Wu Jian Council.
  4585 | D:6      | You pick up a book of Blood and begin reading...
  4585 | D:6      | You add the spells Wereblood and Summon Hydra to your
                  | library.
  4743 | D:6      | Offered knowledge of Momentum Strike by Vehumet.
  4748 | D:6      | Reached ** piety under Vehumet
  5041 | D:6      | Reached skill level 11 in Conjurations
  5319 | D:7      | Noticed Joseph
  5325 | D:7      | Killed Joseph
  5404 | D:7      | Found a staircase to the Ecumenical Temple.
  6224 | D:8      | Reached XP level 10. HP: 50/50 MP: 13/17
  6354 | D:8      | Noticed Erica
  6439 | D:8      | Noticed a kobold demonologist
  6478 | D:8      | Killed a kobold demonologist
  6535 | D:8      | Reached skill level 5 in Spellcasting
  6535 | D:8      | Reached skill level 14 in Earth Magic
  6568 | D:8      | Found a sand-covered staircase.
  6575 | Ossuary  | Entered an ossuary
  6647 | Ossuary  | Offered knowledge of Poisonous Vapours by Vehumet.
  6682 | Ossuary  | Reached *** piety under Vehumet
  6900 | D:8      | Offered knowledge of Iskenderun's Mystic Blast by Vehumet.
  7246 | D:8      | Found a bloodstained altar of Trog.
  7404 | D:8      | Reached skill level 12 in Conjurations
  7405 | D:8      | Noticed Maggie
  7417 | D:8      | Killed Maggie
  7846 | D:8      | Learned a level 8 spell: Lehudib's Crystal Spear
  7946 | D:9      | Noticed a cyclops
  7950 | D:9      | Killed a cyclops
  8088 | D:9      | Noticed a two-headed ogre
  8093 | D:9      | Killed a two-headed ogre
  8231 | D:9      | Reached **** piety under Vehumet
  8284 | D:9      | Noticed an entropy weaver
  8403 | D:9      | Reached XP level 11. HP: 54/54 MP: 14/19
  8433 | D:9      | Offered knowledge of Sticky Flame by Vehumet.
  8489 | D:9      | Reached skill level 1 in Fighting
  8532 | D:9      | You pick up a book of Party Tricks and begin reading...
  8532 | D:9      | You add the spells Apportation and Alistair's Intoxication
                  | to your library.
  8545 | D:9      | Identified the ring of Ratewapn {Ice Will+}
  8842 | D:10     | Entered Level 10 of the Dungeon
  8883 | D:10     | Found a staircase to the Lair.
  8973 | D:10     | Reached skill level 15 in Earth Magic
  9015 | D:10     | Reached skill level 2 in Fighting
  9167 | D:10     | Noticed a five-headed hydra
  9183 | D:10     | You pick up a book of Callings and begin reading...
  9183 | D:10     | You add the spells Summon Small Mammal, Call Canine
                  | Familiar and Summon Guardian Golem to your library.
  9185 | D:10     | Noticed a two-headed ogre
  9191 | D:10     | Killed a two-headed ogre
  9192 | D:10     | Reached skill level 6 in Spellcasting
  9344 | D:11     | Found a staircase to the Orcish Mines.
  9388 | D:10     | Reached skill level 13 in Conjurations
  9690 | D:11     | Noticed a boulder beetle
  9698 | D:11     | Killed a boulder beetle
  9699 | D:11     | Reached skill level 3 in Fighting
  9768 | D:11     | Noticed a purple ugly thing
  9773 | D:11     | Killed a purple ugly thing
  9778 | D:11     | Noticed a two-headed ogre
  9784 | D:11     | Killed a two-headed ogre
 10363 | Lair:1   | Entered Level 1 of the Lair of Beasts
 10442 | Lair:1   | Reached XP level 12. HP: 66/66 MP: 18/21
 10806 | Lair:1   | Reached skill level 4 in Fighting
 10806 | Lair:1   | Reached skill level 16 in Earth Magic
 10931 | Lair:1   | Reached ***** piety under Vehumet
 10941 | Lair:1   | Reached skill level 14 in Conjurations
 10942 | Lair:1   | Offered knowledge of Iron Shot by Vehumet.
 11123 | Lair:1   | Reached skill level 7 in Spellcasting
 11594 | Lair:1   | Learned a level 6 spell: Iron Shot
 11716 | Lair:2   | Reached skill level 5 in Fighting
 12067 | Lair:2   | Reached skill level 17 in Earth Magic
 12126 | Lair:2   | Found a runed translucent gate.
 12126 | Lair:2   | Found a runed translucent gate.
 12126 | Lair:2   | Found a runed translucent gate.
 12127 | Lair:2   | Found a viscous altar of Jiyva.
 12127 | Lair:2   | Noticed junb69's ghost (journeyman OpTm)
 12134 | Lair:2   | Found a hole to the Spider Nest.
 12270 | Lair:2   | Reached XP level 13. HP: 74/74 MP: 20/24
 12402 | Lair:2   | Reached skill level 6 in Fighting
 12534 | Lair:2   | Found a staircase to the Shoals.
 12542 | Lair:2   | Reached skill level 15 in Conjurations
 13209 | Lair:3   | You pick up a book of the Tundra and begin reading...
 13209 | Lair:3   | You add the spells Hailstorm, Ice Form and Simulacrum to
                  | your library.
 13738 | Lair:3   | Reached skill level 8 in Spellcasting
 14320 | Lair:4   | Noticed Snorg
 14327 | Lair:4   | Killed Snorg
 14373 | Lair:4   | Noticed Rupert
 14427 | Lair:4   | Reached skill level 7 in Fighting
 14427 | Lair:4   | Reached skill level 18 in Earth Magic
 15003 | Lair:5   | Entered Level 5 of the Lair of Beasts
 15206 | Lair:5   | You pick up a book of Unlife and begin reading...
 15206 | Lair:5   | You add the spells Animate Dead, Borgnjor's Vile Clutch and
                  | Death Channel to your library.
 15286 | Lair:5   | Reached skill level 16 in Conjurations
 15297 | Lair:5   | Offered knowledge of Freezing Cloud by Vehumet.
 15360 | Lair:4   | Gained mutation: Your large and strong wings let you fly.
                  | [Gargoyle growth]
 15360 | Lair:4   | Reached XP level 14. HP: 73/82 MP: 10/26
 15862 | Lair:4   | Reached skill level 8 in Fighting
 16178 | Lair:5   | Reached skill level 9 in Spellcasting
 16270 | Lair:5   | Found a viscous altar of Jiyva.
 16278 | Lair:5   | Found a staircase to the Slime Pits.
 16320 | Lair:5   | Identified the +11 great sword of Intimidation {flame,
                  | Str-2 Int+2 SInv}
 16638 | Lair:5   | Reached skill level 19 in Earth Magic
 16690 | Lair:5   | HP: 17/84 [death yak (23)]
 17170 | Lair:5   | Noticed a dire elephant
 17183 | Lair:5   | Killed a dire elephant
 17242 | Lair:5   | You add the spells Vampiric Draining, Anguish and Agony to
                  | your library.
 17242 | Lair:5   | Got the Book of Corpses
 17244 | Lair:5   | You add the spells Ozocubu's Armour and Ozocubu's
                  | Refrigeration to your library.
 17467 | D:12     | Reached skill level 17 in Conjurations
 18310 | D:13     | Found a frozen archway.
 18317 | IceCv    | Entered an ice cave
 18553 | IceCv    | Reached XP level 15. HP: 89/89 MP: 28/28
 18597 | IceCv    | Offered knowledge of Iskenderun's Battlesphere by Vehumet.
 18607 | IceCv    | Reached skill level 9 in Fighting
 18924 | IceCv    | Identified the ring of Esuilua {rF+ rC+ rCorr Str+5}
 19234 | IceCv    | HP: 16/90 [something (17)]
 19235 | IceCv    | Engulfed by a cloud of freezing vapour

Vanquished Creatures
  A reaper (IceCv)
  A dire elephant (Lair:5)
  Snorg (Lair:4)
  2 catoblepae
  2 hydras
  9 death yaks
  A centaur warrior (D:13)
  2 boulder beetles
  4 two-headed ogres
  A deep troll shaman (Lair:5)
  A fire crab (Lair:4)
  2 deep elf pyromancers
  A deep elf zephyrmancer (D:13)
  2 cyclopes
  3 ugly things
  26 elephants
  Joseph (D:7)
  A merfolk siren (Lair:2)
  A black mamba (shapeshifter) (D:9)
  A gargoyle (D:11)
  2 ice statues (IceCv)
  17 cane toads
  2 torpor snails
  A kobold demonologist (D:8)
  Maggie (D:8)
  4 rime drakes
  6 komodo dragons
  5 ice devils (IceCv)
  3 merfolk (Lair:2)
  A polar bear (Lair:3)
  A troll (D:12)
  A hornet (D:8)
  29 blink frogs
  3 dream sheep (Lair:2)
  3 wraiths
  3 shadows
  43 yaks
  5 wyverns
  3 basilisks
  2 steam dragons
  8 vampire mosquitoes
  A death yak simulacrum (IceCv)
  2 harpy simulacra (IceCv)
  A hydra simulacrum (IceCv)
  9 water moccasins
  3 orc warriors
  Pargi (Sewer)
  2 ice beasts
  3 sky beasts
  2 ogres
  4 black bears
  12 wolves
  A phantom (D:5)
  4 centaurs
  A kobold brigand (D:10)
  10 bullfrogs
  2 gnoll sergeants
  4 cane toad simulacra (IceCv)
  2 scorpions
  2 two-headed ogre simulacra (IceCv)
  4 necrophages
  4 water moccasin zombies (Ossuary)
  2 wights (D:8)
  11 killer bees
  An electric eel (Lair:3)
  4 howler monkeys
  9 hounds
  2 jellies
  3 orc priests
  A gnoll bouda (D:9)
  3 iguanas (D:6)
  2 orc wizards
  3 spriggan simulacra (IceCv)
  2 troll simulacra (IceCv)
  A polar bear simulacrum (IceCv)
  A wolf simulacrum (IceCv)
  2 mummies (Ossuary)
  Robin (D:4)
  13 gnolls
  A river rat (D:3)
  9 adders
  2 naga simulacra (IceCv)
  5 shadow imps
  2 white imps (D:6)
  4 ufetubi (IceCv)
  8 adder zombies (Ossuary)
  4 worms
  5 dart slugs
  21 orcs
  12 ball pythons
  9 endoplasms
  4 giant cockroaches
  7 gnoll zombies (Ossuary)
  12 goblins
  9 hobgoblins
  8 jackals
  9 kobolds
  7 quokkas
  11 bats
  4 frilled lizards (D:1)
  4 hobgoblin zombies (Ossuary)
  7 kobold zombies (Ossuary)
  4 orc zombies (Ossuary)
  4 rats
513 creatures vanquished.

Vanquished Creatures (others)
  A howler monkey (D:10)
  2 bushes (Lair:5)
  26 fungi
  50 plants
79 creatures vanquished.

Grand Total: 592 creatures vanquished

Table legend:
 A = Non-vault XP
 B = Vault XP
 C = Vault XP percentage of total XP
 D = Non-vault monster count
 E = Vault monster count
 F = Vault count percentage of total count
                 A         B        C        D         E       F
            +---------+---------+-------+---------+---------+-------
      Total |   69065 |   20409 |  22.8 |     376 |     137 |  26.7
            +---------+---------+-------+---------+---------+-------
        D:1 |      50 |       0 |   0.0 |      28 |       0 |   0.0
        D:2 |      65 |      22 |  25.3 |      19 |       5 |  20.8
        D:3 |      43 |      20 |  31.7 |      17 |       3 |  15.0
        D:4 |     645 |      31 |   4.6 |      24 |      10 |  29.4
        D:5 |     997 |       0 |   0.0 |      18 |       0 |   0.0
        D:6 |     559 |     447 |  44.4 |      21 |       8 |  27.6
        D:7 |     631 |     460 |  42.2 |       8 |       1 |  11.1
        D:8 |    1255 |    1138 |  47.6 |      13 |       6 |  31.6
        D:9 |    2661 |    1012 |  27.6 |      19 |       6 |  24.0
       D:10 |    2889 |      96 |   3.2 |      19 |       1 |   5.0
       D:11 |    3735 |       0 |   0.0 |      10 |       0 |   0.0
       D:12 |    3292 |    1457 |  30.7 |      19 |       2 |   9.5
       D:13 |    3065 |       0 |   0.0 |       5 |       0 |   0.0
     Lair:1 |    6545 |       0 |   0.0 |      29 |       0 |   0.0
     Lair:2 |    9801 |    1554 |  13.7 |      36 |       5 |  12.2
     Lair:3 |    7194 |       0 |   0.0 |      22 |       0 |   0.0
     Lair:4 |   13749 |     956 |   6.5 |      38 |       1 |   2.6
     Lair:5 |   11889 |    7543 |  38.8 |      31 |      15 |  32.6
      Sewer |       0 |     148 | 100.0 |       0 |       7 | 100.0
    Ossuary |       0 |     432 | 100.0 |       0 |      36 | 100.0
      IceCv |       0 |    5093 | 100.0 |       0 |      31 | 100.0
            +---------+---------+-------+---------+---------+-------

Illustrated notes

Table legend:
 A = Kills in this place as a percentage of kills in entire the game.
 B = Kills by you in this place as a percentage of kills by you in the entire game.
 C = Kills by friends in this place as a percentage of kills by friends in the entire game.
 D = Other kills in this place as a percentage of other kills in the entire game.
 E = Experience gained in this place as a percentage of experience gained in the entire game.
 F = Experience gained in this place divided by the number of levels of this place that you have seen.
                   A       B       C       D       E      F
               +-------+-------+-------+-------+-------+----------------------
         Total | 100.0 | 100.0 |   N/A |   N/A | 100.0 | 4260.7
       Dungeon |  51.1 |  51.1 |   N/A |   N/A |  27.5 | 1890.0
          Lair |  34.5 |  34.5 |   N/A |   N/A |  66.2 | 11846.2
         Sewer |   1.4 |   1.4 |   N/A |   N/A |   0.2 | 148.0
       Ossuary |   7.0 |   7.0 |   N/A |   N/A |   0.5 | 432.0
      Ice Cave |   6.0 |   6.0 |   N/A |   N/A |   5.7 | 5093.0
               +-------+-------+-------+-------+-------+----------------------

Table legend: (Time is in decaauts)
 A = Elapsed time spent in this place.
 B = Non-inter-level travel time spent in this place.
 C = Inter-level travel time spent in this place.
 D = Time resting spent in this place.
 E = Time spent auto-exploring this place.
 F = Levels seen in this place.
 G = Mean time per level.
                   A        B        C        D        E       F      G
               +--------+--------+--------+--------+--------+-----+--------+
         Total |  19581 |  18940 |    641 |   1641 |  13964 |  21 |  932.4 |
       Dungeon |  11015 |  10688 |    327 |    597 |   8299 |  13 |  847.3 |
          Lair |   7061 |   6747 |    314 |    905 |   4623 |   5 | 1412.2 |
         Sewer |    279 |    279 |      0 |      0 |    222 |   1 |  279.0 |
       Ossuary |    294 |    294 |      0 |      0 |    185 |   1 |  294.0 |
      Ice Cave |    930 |    930 |      0 |    139 |    634 |   1 |  930.0 |
               +--------+--------+--------+--------+--------+-----+--------+

Top non-repeatable levels by time:
  Lair:4: 1849 daAuts
  Lair:2: 1582 daAuts
     D:8: 1486 daAuts
  Lair:5: 1475 daAuts
  Lair:1: 1180 daAuts
     D:4: 1178 daAuts
     D:6: 1036 daAuts
     D:9: 998 daAuts
  Lair:3: 973 daAuts
   IceCv: 930 daAuts
    D:11: 919 daAuts
     D:7: 882 daAuts
     D:1: 802 daAuts
    D:10: 784 daAuts
     D:2: 765 daAuts
